 Dungeon Crawl Stone Soup version 0.27.0-1-g7a089689b8 (console) character file.

Game seed: 5758828378348385147

386 jejorda2 the Skirmisher (level 6, -16/48 HPs)
             Began as a Mummy Air Elementalist on Aug 10, 2021.
             Was a Believer of Makhleb.
             Demolished by an ogre (30 damage)
             ... on level 4 of the Dungeon.
             The game lasted 00:06:57 (3971 turns).

jejorda2 the Skirmisher (Mummy Air Elementalist)    Turns: 3971, Time: 00:06:58

Health: -16/48     AC:  5    Str: 13    XL:     6   Next: 48%
Magic:  5/10       EV: 11    Int: 14    God:    Makhleb [**....]
Gold:   138        SH:  0    Dex: 13    Spells: 10/11 levels left

rFire    x . .     SeeInvis .   a - +0 trident
rCold    + + .     Faith    .   (no shield)
rNeg     + + +     Spirit   .   g - +1 leather armour {rC+}
rPois    ∞         Reflect  .   (no helmet)
rElec    .         Harm     .   (no cloak)
rCorr    .         Rampage  .   (no gloves)
Will     .....                  e - +0 pair of boots
Stlth    ++........             (no amulet)
HPRegen  0.16/turn              (no ring)
MPRegen  0.12/turn              (no ring)

@: very slightly contaminated
A: cold resistance 1, negative energy resistance 3, torment resistance 2, heat
vulnerability 1, no potions
a: Renounce Religion, Minor Destruction


You were on level 4 of the Dungeon.
You worshipped Makhleb.
Makhleb was pleased with you.
You visited 1 branch of the dungeon, and saw 4 of its levels.

You collected 138 gold pieces.

Inventory:

Hand Weapons
 a - a +0 trident (weapon)
 b - a +0 dagger
Armour
 e - a +0 pair of boots (worn)
 g - a +1 leather armour of cold resistance (worn)
Scrolls
 c - a scroll of fog {unknown}
 d - 2 scrolls of holy word {unknown}
 f - 2 scrolls of identify {unknown}
 i - a scroll of noise {unknown}


   Skills:
 + Level 4.3 Fighting
 + Level 3.2 Armour
 - Level 1.5 Dodging
 - Level 1.5 Stealth
 - Level 3.2 Spellcasting
 - Level 1.3 Conjurations
 - Level 2.7 Air Magic


You had 10 spell levels left.
You knew the following spells:

 Your Spells              Type           Power      Damage    Failure   Level
a - Shock                 Conj/Air       28%        1d4       12%         1

Your spell library contained the following spells:

 Spells                   Type           Power      Damage    Failure   Level
 Static Discharge         Conj/Air       7%         N/A       19%         2
 Swiftness                Air            9%         N/A       26%         3
 Slow                     Hex            2%         N/A       38%         2
 Confusing Touch          Hex            2%         N/A       63%         3
 Vampiric Draining        Necr           1%         2d6       63%         3
 Airstrike                Air            4%         N/A       65%         4


Dungeon Overview and Level Annotations

Branches:
Dungeon (4/15)
 Temple: D:4-7

Altars:
Makhleb


Innate Abilities, Weirdness & Mutations

You are immune to poison.
Your flesh is cold resistant. (rC+)
You are immune to negative energy. (rN+++)
You are immune to unholy pain and torment.
You are vulnerable to heat. (rF-)
You do not drink.


Message History

The ogre is moderately wounded.
The zap hits the ogre.
The ogre is moderately wounded.
The ogre closely misses you.
Casting: Shock (safe; 12% risk of failure)
Confirm with . or Enter, or press ? or * to list all spells.
Aiming: Shock (safe; 12% risk of failure)
Press: ? - help, Shift-Dir - straight line You miscast Shock.
You are very lightly contaminated with residual magic.
Nothing appears to happen.
Unknown command.
Casting: Shock (safe; 12% risk of failure)
Confirm with . or Enter, or press ? or * to list all spells.
Aiming: Shock (safe; 12% risk of failure)
Press: ? - help, Shift-Dir - straight line The zap misses the ogre.
The zap hits the ogre.
The ogre is moderately wounded.
The ogre barely misses you.
Unknown command.
Casting: Shock (safe; 12% risk of failure)
Confirm with . or Enter, or press ? or * to list all spells.
Aiming: Shock (safe; 12% risk of failure)
Press: ? - help, Shift-Dir - straight line The zap misses the ogre.
The zap hits the ogre.
The ogre is heavily wounded.
The ogre hits you with a +0 giant spiked club!
* * * LOW HITPOINT WARNING * * *
Unknown command.
Casting: Shock (safe; 12% risk of failure)
Confirm with . or Enter, or press ? or * to list all spells.
Aiming: Shock (safe; 12% risk of failure)
Press: ? - help, Shift-Dir - straight line The zap hits the ogre.
The ogre is heavily wounded.
The zap hits the ogre.
The ogre is severely wounded.
The ogre hits you with a +0 giant spiked club!!
Ouch! That really hurt!
You die...

........##..
#............$..
#..............
.............
>..Z...##..#### .
#....#......... ...
####....#........#
.....#####@............#.#
#......O(###...........#
#.#.###### #..#......### #
#..#.....## ##...(<..#
#.......# #.........#
#.#.#..#..# (.#.... ...


You could see an ogre.

Vanquished Creatures
  3 phantoms (D:3)
  A scorpion (D:3)
  A bullfrog skeleton (D:4)
  A hound skeleton (D:4)
  2 adders
  A dart slug (D:2)
  2 ball pythons
  3 endoplasms
  3 giant cockroaches
  6 goblins
  A hobgoblin (D:1)
  6 jackals
  6 quokkas (D:1)
  2 bats
  3 frilled lizards
  5 kobolds
  3 rats
49 creatures vanquished.

Notes
Turn   | Place    | Note
-------+----------+-------------------------------------------
     0 | D:1      | jejorda2 the Mummy Air Elementalist began the quest for the
                  | Orb.
     0 | D:1      | Reached XP level 1. HP: 13/13 MP: 4/4
   154 | D:1      | Reached skill level 1 in Conjurations
   304 | D:1      | Reached XP level 2. HP: 20/20 MP: 4/6
   785 | D:1      | Reached skill level 1 in Fighting
  1090 | D:1      | Found a faded altar of an unknown god.
  1101 | D:1      | Became a worshipper of Makhleb the Destroyer
  1101 | D:1      | Reached * piety under Makhleb
  1276 | D:2      | Reached XP level 3. HP: 20/26 MP: 0/7
  2666 | D:3      | Noticed a phantom
  2679 | D:3      | Killed a phantom
  2680 | D:3      | Reached skill level 2 in Fighting
  2680 | D:3      | Reached skill level 1 in Armour
  2680 | D:3      | Reached XP level 4. HP: 6/34 MP: 6/8
  3186 | D:4      | Noticed a scorpion
  3219 | D:3      | Killed a scorpion
  3220 | D:3      | Reached skill level 3 in Fighting
  3220 | D:3      | Reached XP level 5. HP: 28/41 MP: 9/9
  3252 | D:4      | Noticed a phantom
  3274 | D:3      | Killed a phantom
  3545 | D:4      | Noticed a phantom
  3571 | D:3      | Killed a phantom
  3572 | D:3      | Reached skill level 4 in Fighting
  3572 | D:3      | Reached XP level 6. HP: 18/48 MP: 10/10
  3963 | D:4      | Reached ** piety under Makhleb
  3971 | D:4      | Demolished by an ogre

Illustrated notes

Levels and vault maps discovered:
D:1:      ebering_hopf_link, layout_basic, ebering_ecumenical_altar_webs,
          minmay_misc_feat_alley
D:2:      layout_basic
D:3:      layout_loops_ring
D:4:      layout_rooms, mainiacjoe_overflow_brackets

Skill      XL: |  1  2  3  4  5 |
---------------+----------------+-----
Conjurations   | 1 |  1.3
Spellcasting   | 3 |  3.2
Fighting       | 1 2 3 4 |  4.3
Armour         | 1 2 3 |  3.2
Dodging        | |  1.5
Stealth        | |  1.5
Air Magic      | |  2.7

Action                   |  1- 3 |  4- 6 || total
-------------------------+-------+-------++-------
Melee: Dagger            |    28 |       ||    28
       Trident           |    19 |    73 ||    92
 Cast: Shock             |    78 |    12 ||    90
Armor: Robe              |     9 |       ||     9
       Leather armour    |     4 |    31 ||    35
Dodge: Dodged            |    43 |    38 ||    81
